 Dungeon Crawl Stone Soup version 0.26.1-11-gd32895ea62 (webtiles) character file.

Game seed: 11349477545061845999

135 promet the Grave Robber (level 5, -7/35 HPs)
             Began as a Human Necromancer on June 10, 2021.
             Mangled by a centaur (8 damage)
             ... on level 4 of the Dungeon.
             The game lasted 00:21:41 (5534 turns).

promet the Grave Robber (Human Necromancer)         Turns: 5534, Time: 00:21:44

Health: -7/35      AC:  3    Str:  9    XL:     5   Next: 41%
Magic:  7/10       EV: 13    Int: 16    God:
Gold:   211        SH:  0    Dex: 13    Spells: 6/11 levels left

rFire    x . .     SeeInvis .   a - +3 dagger (holy)
rCold    + . .     Faith    .   (no shield)
rNeg     . . .     Spirit   .   x - +0 robe
rPois    .         Reflect  .   (no helmet)
rElec    .         Harm     .   t - +0 cloak
rCorr    .         Rampage  .   (no gloves)
Will     .....                  (no boots)
Stlth    ++........             (no amulet)
HPRegen  0.11/turn              g - ring of ice
MPRegen  0.12/turn              (no ring)

@: no status effects
A: no striking features
a: no special abilities


You were on level 4 of the Dungeon.
You visited 1 branch of the dungeon, and saw 4 of its levels.

You collected 211 gold pieces.

Inventory:

Hand Weapons
 a - a +3 dagger of holy wrath (weapon)
 b - a +0 hunting sling
 e - a +0 hand axe
 f - a +0 short sword
 j - a +1 dagger of venom
 r - a +0 spear
 v - a +0 flail
 y - a +2 dagger of draining
Missiles
 h - 42 arrows
 i - 70 stones
 u - 3 silver javelins (quivered)
Armour
 t - a +0 cloak (worn)
 x - a +0 robe (worn)
Jewellery
 g - a ring of ice (left hand)
 m - a +6 ring of dexterity {unknown}
 o - an uncursed ring of wizardry {unknown}
 w - a cursed -4 ring of strength {unknown}
Scrolls
 c - a scroll of fear
 k - 2 scrolls of amnesia
Potions
 d - 4 potions of curing
 l - a potion of attraction {unknown}
 n - 2 potions of heal wounds {unknown}
 p - a potion of mutation {unknown}
 q - a potion of degeneration {unknown}
 s - a potion of resistance {unknown}
 z - 2 potions of haste


   Skills:
 + Level 0.2 Short Blades
 + Level 0.2 Axes
 + Level 0.1 Throwing
 + Level 2.6 Dodging
 + Level 2.1 Stealth
 * Level 3.6 Spellcasting
 + Level 4.7 Necromancy


You had 6 spell levels left.
You knew the following spells:

 Your Spells              Type           Power        Failure   Level
a - Pain                  Necr           72%          2%          1
b - Animate Skeleton      Necr           36%          2%          1
c - Vampiric Draining     Necr           9%           8%          3

Your spell library contained the following spells:

 Spells                   Type           Power        Failure   Level
 Corona                   Hex            2%           17%         1
 Ensorcelled Hibernation  Hex/Ice        8%           26%         2
 Animate Dead             Necr           9%           26%         4
 Confusing Touch          Hex            2%           45%         3
 Dazzling Flash           Conj/Hex       4%           45%         3
 Tukima's Dance           Hex            2%           45%         3
 Agony                    Necr           18%          56%         5


Dungeon Overview and Level Annotations

Branches:
Dungeon (4/15)
 Temple: D:4-7

Altars:

Annotations:
D:4 Robin


Message History

Casting: Pain (safe; 2% risk of failure)
Confirm with . or Enter, or press ? or * to list all spells.
Aiming: Pain (safe; 2% risk of failure)
Press: ? - help, Shift-Dir - straight line, f/p - centaur
Aim: a centaur, quivering 16 arrows (lightly wounded, chance to affect: 78%)
The centaur writhes in agony.
The centaur completely misses you. The centaur closely misses you.
You hit the centaur.
The centaur is moderately wounded.
The centaur hits you.
* * * LOW HITPOINT WARNING * * *
Casting: Pain (safe; 2% risk of failure)
Confirm with . or Enter, or press ? or * to list all spells.
Aiming: Pain (safe; 2% risk of failure)
Press: ? - help, Shift-Dir - straight line, f/p - centaur
Aim: a centaur, quivering 16 arrows (moderately wounded, chance to affect: 78%)
The centaur writhes in agony.
The centaur hits you but does no damage.
The centaur hits you!
You die...

...............
.............
........### ...
......## ....
......#
....####.#...###
..........#...## #
#.##.c(.......( ...
#...##@###.....
.....##....<.# ...
#.......#........
......#########.#...
..... .. .... ...
#.. .. #.. . #..


You could see a centaur.

Vanquished Creatures
  A hound (D:2)
  3 adders (D:2)
  A worm (D:2)
  2 dart slugs
  2 leopard geckos
  2 orcs
  7 bats
  A giant cockroach (D:1)
  6 hobgoblins
  6 jackals
  A quokka (D:2)
  A ball python (D:3)
  3 frilled lizards
  14 goblins
  6 kobolds
  A leopard gecko skeleton (D:4)
  10 rats
67 creatures vanquished.

Notes
Turn   | Place    | Note
-------+----------+-------------------------------------------
     0 | D:1      | promet the Human Necromancer began the quest for the Orb.
     0 | D:1      | Reached XP level 1. HP: 13/13 MP: 3/3
   315 | D:1      | Reached XP level 2. HP: 18/19 MP: 5/5
   317 | D:1      | Learned a level 1 spell: Animate Skeleton
   838 | D:1      | Reached XP level 3. HP: 20/24 MP: 6/6
  1470 | D:2      | Reached XP level 4. HP: 7/30 MP: 0/8
  2047 | D:2      | Reached XP level 5. HP: 15/35 MP: 1/9
  2695 | D:3      | Found a faded altar of an unknown god.
  3234 | D:3      | Learned a level 3 spell: Vampiric Draining
  3305 | D:4      | Noticed Robin
  3747 | D:4      | Noticed an ogre
  3851 | D:4      | Noticed a centaur
  5533 | D:4      | HP: 1/35 [centaur (5)]
  5534 | D:4      | Mangled by a centaur

Illustrated notes

Levels and vault maps discovered:
D:1:      dpeg_arrival_subterranean_lakeside_camping, layout_rooms
D:2:      layout_loops_ring, chequers_arboretum, solitary_fountain,
          columned_hall_lemuel, chequers_serial_rivers_micro_d,
          serial_bayou_pond_b, minmay_misc_feat_tiny, minmay_vboxes
D:3:      layout_loops_ring, chequers_ecumenical_altar_simple_redux
D:4:      layout_rooms, nzn_hepliaklqana_mist_gate, uniq_blork_the_orc,
          uniq_robin

Skill      XL: |  1  2  3 |
---------------+----------+-----
Spellcasting   | 3 |  3.6
Short Blades   | |  0.2
Axes           | |  0.2
Throwing       | |  0.1
Dodging        | |  2.6
Stealth        | |  2.1
Necromancy     | |  4.7

Action                   |  1- 3 |  4- 6 || total
-------------------------+-------+-------++-------
Melee: Hand axe          |    11 |       ||    11
       Dagger            |    16 |    61 ||    77
 Fire: Hunting sling     |       |     2 ||     2
Throw: Stone             |     1 |     6 ||     7
       Javelin           |       |     2 ||     2
 Cast: Pain              |    39 |    56 ||    95
       Animate Skeleton  |     7 |     3 ||    10
       Vampiric Draining |       |     1 ||     1
  Use: Scroll            |    11 |     2 ||    13
       Potion            |     1 |     1 ||     2
Armor: Robe              |    13 |    18 ||    31
Dodge: Dodged            |    42 |    70 ||   112
